Map: Flashback CE

Players

ChuckNorris

  • Race: Terran Terran
  • Spawn Location: 7:00

cuapantecatl

  • Race: Zerg Zerg
  • League: Diamond
  • Spawn Location: 7:00

Nibek

  • Race: Terran Terran
  • Spawn Location: 7:00

Qlue

  • Race: Protoss Protoss
  • Spawn Location: 11:00

Chris

  • Race: Protoss Protoss
  • Spawn Location: 11:00

SgtMooseNuKl

  • Race: Terran Terran
  • League: Bronze
  • Spawn Location: 9:00

VOD

Have the link to the VOD?

Description

Time

  • Played on: Oct. 6, 2024, 8:33 p.m.
  • Length: 5:31
Show
View Real Time Build Order
Export as new Build Order

ChuckNorris Terran 

Build Orders: 2 Factory, Liberator Opening, Reaper Expand 

Get SALT Encoding   

  12  0:04  SCV  
  13  0:16  SCV  
  13  0:19  Supply Depot  
  14  0:28  SCV  
  15  0:40  SCV  
  15  0:41  Barracks  
  16  0:46  Refinery  
  16  0:53  SCV  
  17  1:05  SCV  
  18  1:17  SCV  
  19  1:29  Reaper  
  19  1:31  Orbital Command  
  20  1:44  Command Center  
  20  1:56  Refinery, SCV  
  21  2:12  Factory  
  21  2:18  SCV  
  22  2:23  Barracks Reactor  
  22  2:30  SCV  
  23  2:54  Factory  
  23  2:56  SCV  
  24  3:06  Factory Tech Lab  
  24  3:08  SCV  
  24  3:12  Starport  
  26  3:14  Orbital Command  
  26  3:16  Barracks Tech Lab  
  24  3:20  SCV  
  25  3:28  Refinery  
  25  3:30  Refinery  
  25  3:32  SCV  
  26  3:34  Siege Tank  
  29  3:44  Supply Depot, SCV  
  29  3:47  SCV  
  31  3:53  Supply Depot  
  31  3:56  SCV  
  31  3:58  Liberator  
  31  4:00  SCV  
  36  4:09  SCV  
  37  4:12  SCV  
  37  4:15  Liberator  
  41  4:20  Siege Tank  
  41  4:21  SCV  
  41  4:24  SCV  
  46  4:30  Supply Depot  
  46  4:33  SCV, Siege Tank  
  46  4:36  SCV  
  51  4:45  SCV  
  52  4:48  SCV  
  53  4:52  Siege Tank  
Show
View Real Time Build Order
Export as new Build Order

cuapantecatl Zerg 

Build Orders: Hatch First 

Get SALT Encoding   

  12  0:01  Drone  
  13  0:13  Overlord  
  13  0:21  Drone  
  14  0:34  Drone x2  
  16  0:57  Drone  
  16  0:59  Drone  
  16  1:03  Drone  
  16  1:04  Hatchery  
  18  1:08  Extractor  
  18  1:09  Drone  
  18  1:26  Spawning Pool  
  18  1:27  Drone  
  18  1:47  Drone x2  
  18  1:53  Overlord  
  20  2:18  Zergling x6  
  23  2:29  Zergling x4  
  25  2:33  Queen  
  25  2:35  Metabolic Boost  
  27  2:39  Zergling x2  
  27  2:41  Zergling x2  
  29  2:50  Zergling x4  
  31  2:56  Hatchery  
  30  2:59  Zergling x4  
  32  3:09  Zergling x2  
  32  3:11  Zergling x2  
  34  3:17  Drone  
  34  3:20  Zergling x2  
  34  3:31  Zergling x4  
  34  3:52  Zergling x2, Overlord  
  34  3:53  Zergling x2  
  33  4:06  Overlord  
  33  4:07  Zergling x6  
  33  4:08  Zergling x2  
  34  4:35  Overlord  
  34  4:36  Zergling x6  
  34  4:37  Zergling x8  
  38  4:44  Overlord  
  35  4:52  Zergling x6  
  36  5:00  Drone x2  
  36  5:04  Zergling x2  
Show
View Real Time Build Order
Export as new Build Order

Nibek Terran 

Build Orders:  

Get SALT Encoding   

  12  0:13  Supply Depot  
  12  0:22  SCV  
  13  0:34  SCV  
  14  0:46  SCV  
  15  0:57  Barracks  
  15  1:03  Barracks  
  15  1:21  Supply Depot  
  15  1:33  Barracks  
  15  1:45  Marine  
  16  1:50  Marine  
  17  2:02  Marine  
  18  2:08  Marine  
  18  2:11  Bunker  
  19  2:18  Bunker  
  19  2:20  Marine x2  
  21  2:26  Marine  
  21  2:38  Marine  
  20  2:53  Marine  
  20  2:54  Marine  
  20  2:56  Marine  
  23  3:11  Marine x2  
  25  3:14  Marine  
  25  3:15  SCV  
  25  3:17  Refinery  
  27  3:21  Engineering Bay  
  28  3:27  SCV  
  28  3:29  Marine x2  
  30  3:50  SCV  
  31  3:57  Missile Turret  
  31  4:00  Refinery  
  31  4:14  SCV  
  31  4:58  SCV  
  31  5:05  Barracks Tech Lab  
  31  5:11  Marine  
Show
View Real Time Build Order
Export as new Build Order

Qlue Protoss 

Build Orders: 1 Gate Expand 

Get SALT Encoding   

  12  0:01  Probe (Chrono Boost)  
  13  0:10  Probe (Chrono Boost)  
  14  0:16  Probe  
  15  0:33  Pylon  
  15  0:51  Probe  
  15  0:55  Gateway  
  16  1:01  Gateway  
  16  1:08  Probe  
  17  1:12  Assimilator  
  17  1:30  Nexus  
  17  1:40  Probe  
  17  1:43  Cybernetics Core  
  18  1:52  Pylon  
  18  1:55  Probe  
  19  2:04  Assimilator  
  19  2:07  Probe  
  20  2:10  Zealot (Chrono Boost)  
  22  2:15  Zealot (Chrono Boost)  
  24  2:25  Probe  
  25  2:38  Probe  
  24  2:46  Warp Gate (Chrono Boost)  
  22  2:52  Probe x2  
  26  3:04  Probe x2  
  28  3:16  Probe  
  27  3:26  Probe  
  28  3:28  Probe  
  29  3:37  Pylon  
  29  3:38  Probe  
  29  3:40  Probe  
  31  3:49  Pylon  
  31  3:50  Probe  
  31  3:51  Assimilator  
  31  3:52  Probe  
  31  3:55  Assimilator  
  27  4:19  Gateway  
  27  4:22  Gateway  
  23  4:24  Gateway  
  23  4:28  Gateway  
  23  4:30  Probe  
  23  4:31  Stargate, Probe  
  24  4:42  Probe  
  23  5:18  Pylon  
  23  5:25  Stalker x4  
Show
View Real Time Build Order
Export as new Build Order

Chris Protoss 

Build Orders:  

Get SALT Encoding   

  12  0:05  Probe  
  13  0:17  Probe  
  14  0:29  Probe  
  15  0:40  Pylon  
  15  0:51  Pylon  
  15  0:53  Pylon  
  15  0:58  Probe (Chrono Boost)  
  16  1:08  Probe (Chrono Boost)  
  17  1:13  Probe (Chrono Boost)  
  17  1:16  Gateway  
  17  1:18  Forge  
  18  1:34  Probe (Chrono Boost)  
  19  1:45  Probe (Chrono Boost)  
  19  1:46  Assimilator  
  20  1:47  Assimilator  
  20  1:50  Probe (Chrono Boost)  
  21  2:00  Probe  
  22  2:01  Photon Cannon  
  22  2:02  Photon Cannon  
  22  2:13  Probe  
  23  2:25  Probe  
  24  2:36  Cybernetics Core  
  24  2:47  Photon Cannon x2  
  24  2:49  Probe  
  25  3:01  Probe  
  26  3:14  Probe  
  27  3:31  Shield Battery, Probe  
  27  3:33  Shield Battery  
  28  3:36  Shield Battery x2  
  28  3:37  Shield Battery  
  28  3:43  Probe  
  28  3:51  Photon Cannon x2  
  28  3:54  Photon Cannon  
  28  3:55  Probe  
  1  5:03  Probe  
  2  5:15  Probe  
Show
View Real Time Build Order
Export as new Build Order

SgtMooseNuKl Terran 

Build Orders:  

Get SALT Encoding   

  12  0:01  SCV  
  13  0:13  SCV  
  14  0:20  Supply Depot  
  14  0:27  Refinery  
  14  0:29  SCV  
  15  0:41  SCV  
  16  0:47  Barracks  
  16  0:53  SCV  
  17  1:08  SCV  
  18  1:20  SCV  
  19  1:32  SCV  
  19  1:46  SCV  
  20  1:48  Refinery  
  20  1:53  Supply Depot  
  20  1:57  Barracks Reactor  
  20  1:58  SCV  
  20  2:24  SCV  
  21  2:36  SCV  
  22  2:37  Marine  
  22  2:38  Marine  
  24  2:49  Factory  
  24  2:53  Command Center  
  24  2:55  Marine  
  26  3:02  Barracks, Marine  
  26  3:05  Orbital Command  
  22  3:35  Supply Depot  
  22  3:36  Marine  
  22  3:54  Supply Depot  
  23  4:01  Cyclone  
  23  4:09  Bunker  
  23  4:10  Marine  
  24  4:28  SCV, Marine  
  26  4:33  Cyclone  
  27  4:40  SCV  
Tags
 
Add a new tag
Caveats
  • Supply blocks, unpowered buildings, or Contaminate may cause inaccurate times.
  • Supply counts are checked every 10 seconds.